 Dungeon Crawl Stone Soup version 0.17.1-3-g152610e (webtiles) character file.

32819 Peloso the Blocker (level 13, 0/114 HPs)
             Began as a Minotaur Fighter on Mar 1, 2016.
             Was a High Priest of Okawaru.
             Killed by divine providence
             ... invoked by an orc priest
              (10 damage)
             ... on level 2 of the Orcish Mines.
             The game lasted 01:15:06 (20380 turns).

Peloso the Blocker (Minotaur Fighter)              Turns: 20380, Time: 01:15:09

Health: 0/114      AC: 30    Str: 24    XL:     13   Next: 33%
Magic:  0/13       EV: 18    Int:  5    God:    Okawaru [*****.]
Gold:   1766       SH: 19    Dex: 12    Spells: 0 memorised, 12 levels left

rFire  + + +     SeeInvis .     f - +3 long sword (freeze)
rCold  x x .     Clarity  .     y - +7 fire dragon armour of Trog's Generosity {rElec rF++ rC-}
rNeg   . . .     SustAt   .     n - +1 shield {reflect}
rPois  .         Gourm    .     U - +0 hat {Spirit}
rElec  +         Spirit   +     r - +0 cloak
rCorr  .         Warding  .     z - +1 pair of gloves
rMut   .         Stasis   .     b - +1 pair of boots
MR     .....                    w - amulet of faith
Stlth  ++........               T - ring of flight
                                M - ring of fire

@: lethally poisoned (0 -> -2), heroism, very slightly contaminated, not
resistant to hostile enchantments, unstealthy
A: retaliatory headbutt, horns 2, large bone plates 1, camouflage 1
a: Heroism, Finesse, Renounce Religion, Evoke Flight


You were on level 2 of the Orcish Mines.
You worshipped Okawaru.
Okawaru was extremely pleased with you.
You were not hungry.

You visited 4 branches of the dungeon, and saw 20 of its levels.
You also visited: Bailey.

You collected 1766 gold pieces.

Inventory:

Hand Weapons
 a - a +1 scimitar of electrocution
 f - a +3 long sword of freezing (weapon)
 g - a +0 long sword of flaming
Missiles
 t - 52 tomahawks of returning (quivered)
Armour
 b - a +1 pair of boots (worn)
 n - a +1 shield of reflection (worn)
 r - a +0 cloak (worn)
 y - the +7 fire dragon armour of Trog's Generosity (worn) {rElec rF++ rC-}
   (You found it in a bailey)

   It greatly protects you from fire.
   It makes you vulnerable to cold.
   It insulates you from electricity.
 z - a +1 pair of gloves (worn)
 J - a +0 plate armour of poison resistance
 K - the +5 scale mail "Meqemay" {rCorr Str+3 Int+2}
   (You found it on level 6 of the Dungeon)

   It affects your strength (+3).
   It affects your intelligence (+2).
   It protects you from acid and corrosion.
 U - a +0 hat of spirit shield (worn)
 X - a +3 plate armour of positive energy
 Z - a +0 chain mail of magic resistance
Jewellery
 s - an uncursed ring of protection from fire
 w - an amulet of faith (around neck)
 M - a ring of fire (left hand)
 T - a ring of flight (right hand)
Scrolls
 c - a scroll of holy word {unknown}
 m - 11 scrolls of remove curse
 p - a scroll of fog {unknown}
 u - 2 scrolls of recharging
 A - a scroll of blinking
 B - a scroll of enchant armour
 H - 3 scrolls of amnesia
Potions
 h - 4 potions of cure mutation
 j - 2 potions of agility
 k - 2 potions of magic
 l - 2 potions of brilliance
 o - 3 potions of flight
 v - 4 potions of haste
 x - 2 potions of resistance
 F - a potion of berserk rage {unknown}
 N - a potion of ambrosia {unknown}
 P - a potion of invisibility {unknown}
Comestibles
 e - 6 bread rations
 L - 3 meat rations
 O - 30 fruits
 R - 6 beef jerkies
 V - 2 slices of pizza


   Skills:
 + Level 10.7(15.7) Fighting
 + Level 13.1(18.1) Long Blades
 + Level 1.2(6.2) Throwing
 + Level 11.2(16.2) Armour
 + Level 10.8(15.8) Dodging
 + Level 1.9(6.9) Stealth
 + Level 14.3(19.3) Shields
 + Level 2.6 Invocations


You had 12 spell levels left.
You didn't know any spells.

Dungeon Overview and Level Annotations

Branches:
Dungeon (14/15)            Temple (1/1) D:4            Lair (1/8) D:11
    Orc (4/4) D:12            Elf (0/3) Orc:3
 Vaults: D:13-14

Altars:
Dithmenos
Elyvilon
Gozag
Makhleb
Nemelex Xobeh
Okawaru
Ru
Sif Muna
Vehumet
Zin

Shops:
D:7 *   D:12 =   Orc:2 (   Orc:4 [*:

Portals:
Trove: D:10 (give +4 fire dragon armour)

Annotations:
D:13 exclusion: 2 ice statues


Innate Abilities, Weirdness & Mutations

You reflexively headbutt those who attack you in melee.
You have a pair of horns on your head.
You are partially covered in large bone plates (AC +2, SH +2).
Your skin changes colour to match your surroundings (Stealth).


Message History

You slash the orc! You freeze the orc.
You kill the orc!
The orc sorcerer mumbles some strange words.
The orc throws a tomahawk.
The tomahawk closely misses you.
The tomahawk closely misses the orc warrior.
The tomahawk misses the ynoxinul.
Something hits you but does no damage. You block the orc's attack.
You block the orc wizard's attack. The orc hits you but does no damage.
An orc comes into view. It is wielding a flail.
Read which item? (? for menu, Esc to quit)
Blink to where?
Press: ? - help, Dir - move target cursor
As you read the scroll of blinking, it crumbles to dust.
An orc, an orc warrior, an orc priest and an orc warlord come into view.
You feel sick.
The orc wizard points at you and mumbles some strange words.
The magic dart hits you!
The orc priest mumbles some strange prayers to Beogh against you.
Something smites you!
You die... .......o<{..#.o. o.oo...ooo...oo. oo..h.oooooo.o..

oo......o.oo....
#..hoo..........
o...........C.#.
∩.#...$..#......
.........o......
#......@......#.
...............
..#.#..........
......#....... .
#...# ##..#.#
#$.. ..# # ##..
## #.. ### ##.##
###


You could see an orc warlord (wandering), a cyclops, 2 wargs, 2 orc sorcerers, 2
orc warriors, 3 orc priests, 4 orc wizards and 12 orcs.

Vanquished Creatures
  Donald (Orc:4)
  Maud (D:13)
  An orc warlord (Orc:3)
  The ghost of ImaNewbie the Bludgeoner, a journeyman MiBe of Trog (Orc:3)
  The ghost of chimenez the Cleaver, a journeyman FoFi of Okawaru (Orc:4)
  Erolcha (D:10)
  Harold (D:12)
  3 orc high priests (Orc:4)
  The ghost of GFox the Conjurer, a novice DrCj of Yredelemnul (D:8)
  3 orc sorcerers (Orc:4)
  2 hill giants (D:12)
  A harpy (shapeshifter) (D:13)
  2 orc knights (Orc:3)
  A cyclops (D:9)
  4 ugly things
  A griffon (D:13)
  A centaur zombie (D:11)
  Psyche (D:8)
  6 trolls
  4 slime creatures (D:12)
  A trapdoor spider (D:12)
  A two-headed ogre (D:9)
  A blink frog (D:11)
  Sigmund (D:6)
  2 deep elf magi
  A shadow (D:12)
  A hungry ghost (D:7)
  Eustachio (D:4)
  13 yaks
  2 hippogriffs
  2 wyverns
  2 vampire mosquitoes (D:13)
  A golden eye (shapeshifter) (D:13)
  Menkaure (D:6)
  5 wargs
  2 porcupines (D:11)
  2 ice beasts
  A swamp drake (D:12)
  33 orc warriors
  A wasp (D:12)
  2 eyes of draining
  2 black bears
  7 big kobolds
  14 ogres
  2 sky beasts (D:6)
  A phantom (D:9)
  2 centaurs
  7 giant frogs
  A water moccasin zombie (D:7)
  A wyvern zombie (D:14)
  3 scorpions
  2 wyvern skeletons (D:8)
  6 wights
  21 killer bees
  8 crimson imps
  9 orc priests
  A giant frog zombie (D:8)
  3 giant frog skeletons
  Crazy Yiuf (D:7)
  A quasit (D:12)
  4 hounds
  3 centaur skeletons
  3 jellies
  20 orc wizards
  7 worker ants
  6 iguanas
  A hell rat (D:11)
  5 gnolls
  A river rat (D:11)
  4 shadow imps
  12 adders
  An ooze (D:1)
  2 adder skeletons
  An adder zombie (D:7)
  A worm (D:4)
  7 giant geckos
  121 orcs
  6 bats
  5 giant cockroaches
  12 goblins
  9 hobgoblins
  7 jackals
  54 kobolds
  A quokka (D:11)
  4 ball pythons
  A giant gecko skeleton (D:4)
  6 giant newts
  12 rats
521 creatures vanquished.

Vanquished Creatures (others)
  2 orcs
  14 fungi (Orc:4)
16 creatures vanquished.

Grand Total: 537 creatures vanquished

Notes
Turn   | Place    | Note
--------------------------------------------------------------
     0 | D:1      | Peloso the Minotaur Fighter began the quest for the Orb.
     0 | D:1      | Reached XP level 1. HP: 19/19 MP: 0/0
   147 | D:1      | Reached skill level 4 in Shields
   157 | D:1      | Reached XP level 2. HP: 24/27 MP: 1/1
   667 | D:1      | Reached XP level 3. HP: 33/33 MP: 2/2
   836 | D:2      | Found a radiant altar of Vehumet.
  1003 | D:2      | Found a sparkling altar of Nemelex Xobeh.
  1412 | D:2      | Found an opulent altar of Gozag.
  1452 | D:2      | Reached skill level 1 in Dodging
  1787 | D:2      | Reached XP level 4. HP: 38/40 MP: 3/3
  2047 | D:3      | Reached XP level 5. HP: 5/46 MP: 4/4
  2474 | D:3      | Reached skill level 5 in Shields
  3222 | D:4      | Found an iron altar of Okawaru.
  3228 | D:4      | Became a worshipper of Warmaster Okawaru
  3267 | D:4      | Found a staircase to the Ecumenical Temple.
  3283 | Temple   | Entered the Ecumenical Temple
  3292 | D:4      | Noticed Eustachio
  3311 | D:4      | Killed Eustachio
  3311 | D:4      | Reached skill level 5 in Armour
  3311 | D:4      | Reached XP level 6. HP: 18/52 MP: 5/5
  3845 | D:5      | Entered Level 5 of the Dungeon
  4099 | D:5      | Reached * piety under Okawaru
  4099 | D:5      | Reached skill level 6 in Shields
  4294 | D:5      | Reached XP level 7. HP: 52/60 MP: 6/6
  4764 | D:6      | Noticed Menkaure
  4766 | D:6      | Found a glowing silver altar of Zin.
  4769 | D:6      | Killed Menkaure
  4769 | D:6      | Reached skill level 7 in Shields
  4981 | D:6      | Noticed Sigmund
  5041 | D:6      | Killed Sigmund
  5041 | D:6      | Reached ** piety under Okawaru
  5041 | D:6      | Reached skill level 5 in Fighting
  5041 | D:6      | Reached skill level 5 in Long Blades
  5041 | D:6      | Reached XP level 8. HP: 62/68 MP: 7/7
  5220 | D:6      | Reached skill level 8 in Shields
  5291 | D:6      | Got a crude scale mail
  5302 | D:6      | Identified the +5 scale mail "Meqemay" {rCorr Str+3 Int+2} (You found it on level 6 of the Dungeon)
  5929 | D:7      | Reached *** piety under Okawaru
  5933 | D:7      | Found Giloic's General Store.
  6081 | D:7      | Reached skill level 5 in Dodging
  6377 | D:7      | Reached XP level 9. HP: 55/75 MP: 8/8
  6400 | D:7      | Noticed Crazy Yiuf
  6406 | D:7      | Killed Crazy Yiuf
  6800 | D:7      | Reached skill level 9 in Shields
  6938 | D:8      | Noticed GFox's ghost (novice DrCj)
  8398 | D:8      | HP: 1/78 [GFox's ghost/magic dart (6)]
  8403 | D:8      | Killed GFox's ghost
  8403 | D:8      | Reached **** piety under Okawaru
  8403 | D:8      | Reached skill level 1 in Stealth
  8403 | D:8      | Reached skill level 1 in Invocations
  8412 | D:8      | HP: 3/78 [poisoned by GFox's ghost]
  8418 | D:8      | HP: 2/78 [poisoned by GFox's ghost]
  8424 | D:8      | HP: 1/78 [poisoned by GFox's ghost]
  8432 | D:8      | HP: 1/78 [poisoned by GFox's ghost]
  8717 | D:8      | Noticed Psyche
  8722 | D:8      | Killed Psyche
  8745 | D:8      | Reached XP level 10. HP: 54/84 MP: 10/10
  8769 | D:8      | Found a white marble altar of Elyvilon.
  9352 | D:9      | Reached ***** piety under Okawaru
  9829 | D:9      | Reached skill level 10 in Shields
  9883 | D:9      | Found a flagged portal.
  9902 | Bailey   | Entered a bailey
 10043 | Bailey   | Got an encrusted fire dragon armour
 10054 | Bailey   | Identified the +7 fire dragon armour of Trog's Generosity {rElec rF++ rC-} (You found it in a bailey)
 10164 | Bailey   | Reached skill level 1 in Throwing
 10736 | D:9      | Noticed a cyclops
 10737 | D:9      | Received a gift from Okawaru
 10738 | D:9      | HP: 3/88 [cyclops/large rock (35)]
 11136 | D:9      | Killed a cyclops
 11196 | D:9      | Gained mutation: You are partially covered in large bone plates (AC +2, SH +2). [potion of beneficial mutation]
 11200 | D:9      | Found a sacrificial altar of Ru.
 11270 | D:9      | Found a deep blue altar of Sif Muna.
 11495 | D:10     | Entered Level 10 of the Dungeon
 11680 | D:10     | Noticed Erolcha
 11697 | D:10     | Killed Erolcha
 11732 | D:10     | Found a portal to a secret trove of treasure.
 11902 | D:10     | Reached XP level 11. HP: 94/94 MP: 11/11
 12138 | D:10     | Reached skill level 11 in Shields
 12419 | D:11     | Received a gift from Okawaru
 12627 | D:11     | Reached skill level 10 in Long Blades
 12842 | D:11     | Found a staircase to the Lair.
 12877 | Lair:1   | Entered Level 1 of the Lair of Beasts
 14384 | D:12     | Noticed a hill giant
 14392 | D:12     | Killed a hill giant
 14688 | D:12     | Noticed a hill giant
 14703 | D:12     | Killed a hill giant
 15284 | D:12     | Found a staircase to the Orcish Mines.
 15389 | D:12     | Noticed Harold
 15413 | D:12     | Killed Harold
 15413 | D:12     | Reached skill level 12 in Shields
 15544 | D:11     | Reached skill level 10 in Armour
 15769 | D:11     | Received a gift from Okawaru
 15924 | D:12     | Reached XP level 12. HP: 104/104 MP: 12/12
 15961 | D:12     | Found Toeck's Jewellery Emporium.
 16647 | D:13     | Found a shadowy altar of Dithmenos.
 16905 | D:13     | Received a gift from Okawaru
 17086 | D:13     | Noticed Maud
 17132 | D:13     | Killed Maud
 17132 | D:13     | Received a gift from Okawaru
 17145 | D:13     | Received a gift from Okawaru
 17271 | D:13     | Reached skill level 10 in Fighting
 17620 | D:14     | Reached skill level 13 in Shields
 17773 | Orc:1    | Entered Level 1 of the Orcish Mines
 17811 | Orc:1    | Found a burning altar of Makhleb.
 18370 | Orc:3    | Found a staircase to the Elven Halls.
 18527 | Orc:4    | Entered Level 4 of the Orcish Mines
 18543 | Orc:4    | Noticed chimenez's ghost (journeyman FoFi)
 18652 | Orc:4    | Killed chimenez's ghost
 18652 | Orc:4    | Reached skill level 10 in Dodging
 19095 | Orc:4    | Found Ahinon's Antique Armour Shop.
 19159 | Orc:4    | Noticed an orc warlord
 19170 | Orc:4    | Gained mutation: Your skin changes colour to match your surroundings (Stealth). [a neqoxec]
 19211 | Orc:3    | Killed an orc warlord
 19211 | Orc:3    | Reached ****** piety under Okawaru
 19211 | Orc:3    | Reached XP level 13. HP: 64/114 MP: 9/13
 19417 | Orc:4    | Received a gift from Okawaru
 19678 | Orc:4    | Noticed Donald
 19697 | Orc:4    | Killed Donald
 19697 | Orc:4    | Reached skill level 14 in Shields
 19835 | Orc:4    | Found Nagos's General Store.
 19851 | Orc:4    | Found Feudghiodo's Book Boutique.
 19851 | Orc:4    | Noticed an orc warlord
 19878 | Orc:3    | Noticed ImaNewbie's ghost (journeyman MiBe)
 19913 | Orc:3    | Killed ImaNewbie's ghost
 20373 | Orc:2    | Found Jusm's Antique Weapon Boutique.
 20380 | Orc:2    | Noticed an orc warlord
 20380 | Orc:2    | Killed from afar by an orc priest

Action                   |  1- 3 |  4- 6 |  7- 9 | 10-12 | 13-15 || total
-------------------------+-------+-------+-------+-------+-------++-------
Melee: Long sword        |   106 |   126 |   357 |  1261 |   182 ||  2032
Throw: Tomahawk          |       |       |       |    12 |       ||    12
Invok: Heroism           |       |       |     5 |     5 |     4 ||    14
       Finesse           |       |       |       |     1 |     1 ||     2
  Use: Scroll            |       |       |     8 |    12 |     4 ||    24
       Potion            |       |       |     1 |     5 |     2 ||     8
  Eat: Chunk             |     1 |     6 |    16 |    32 |     4 ||    59
       Bread ration      |     1 |       |       |       |       ||     1
       Fruit             |       |       |     2 |       |       ||     2
       Beef jerky        |       |       |       |     2 |       ||     2
